 Dungeon Crawl Stone Soup version 0.29.1-12-g30fa7ad0bf (webtiles) character file.

Game seed: 661763837180022229

1597 EarthwalkerPL the Covered (level 8, 0/72 (74) HPs)
             Began as a Minotaur Fighter on Jan 6, 2023.
             Slain by Prince Ribbit (16 damage)
             ... on level 6 of the Dungeon.
             The game lasted 00:06:38 (5945 turns).

EarthwalkerPL the Covered (Minotaur Fighter)        Turns: 5945, Time: 00:06:39

HP:   0/72 (74)     AC:  8    Str: 23    XL:     8   Next: 62%
MP:   7/7           EV:  8    Int:  5    God:
Gold: 385           SH:  9    Dex: 10    Spells: 7/7 levels left

rFire   . . .      SeeInvis .   D - +5 hand axe
rCold   . . .      Faith    .   B - +0 kite shield
rNeg    . . .      Spirit   .   b - +0 scale mail
rPois   .          Reflect  .   (helmet restricted)
rElec   .          Harm     .   (no cloak)
rCorr   .          Rampage  .   (no gloves)
Will    .....                   (no boots)
Stlth   ..........              (no amulet)
HPRegen 0.22/turn               m - ring of flight
MPRegen 0.10/turn               (no ring)

@: flying, lightly drained
A: horns 2, retaliatory headbutt
a: no special abilities


You were on level 6 of the Dungeon.
You visited 1 branch of the dungeon, and saw 6 of its levels.
You also visited: Sewer.

You collected 385 gold pieces.

Inventory:

Hand Weapons
 a - a +0 war axe
 D - a +5 hand axe (weapon)
Missiles
 l - 7 poisoned darts
 u - 11 boomerangs (quivered)
 w - 4 javelins
Armour
 b - a +0 scale mail (worn)
 c - a +0 buckler
 B - a +0 kite shield (worn)
Jewellery
 m - a ring of flight (left hand)
 y - a ring of willpower
Wands
 v - a wand of flame (5)
Scrolls
 f - a scroll of enchant weapon {unknown}
 g - 4 scrolls of teleportation {unknown}
 i - 2 scrolls of silence {unknown}
 k - 3 scrolls of amnesia {unknown}
 o - 6 scrolls of identify {unknown}
 s - a scroll of blinking {unknown}
 t - 2 scrolls of immolation {unknown}
 x - 2 scrolls of poison {unknown}
 E - a scroll of summoning {unknown}
Potions
 d - 2 potions of might
 e - 3 potions of heal wounds {unknown}
 h - 2 potions of flight {unknown}
 j - 4 potions of curing {unknown}
 n - a potion of brilliance {unknown}
 p - 2 potions of lignification {unknown}
 q - a potion of invisibility {unknown}
 r - a potion of haste {unknown}
 z - 2 potions of cancellation {unknown}
 A - a potion of degeneration {unknown}
 C - a potion of mutation {unknown}


   Skills:
 * Level 7.8 Fighting
 * Level 7.2 Axes
 * Level 7.8 Armour
 * Level 6.5 Shields


You had 7 spell levels left.
You didn't know any spells.
Your spell library contained the following spells:

 Spells                   Type           Power      Damage    Failure   Level
 Sublimation of Blood     Necr           0%         N/A       99%         2
 Petrify                  Tmut/Erth      0%         N/A       100%        4
 Irradiate                Conj/Tmut      0%         3d11      100%        5


Dungeon Overview and Level Annotations

Branches:
Dungeon (6/15)              Sewer (visited)
 Temple: D:4-7

Altars:
Ashenzari
Cheibriados
Makhleb
Qazlal
Sif Muna
Wu Jian
Yredelemnul

Shops:
D:2 =

Annotations:
D:6 Prince Ribbit


Innate Abilities, Weirdness & Mutations

You have a pair of horns on your head.
You reflexively headbutt those who attack you in melee.


Message History

o - 6 scrolls labelled ROS JOLUJE (gained 1)
You now have 385 gold pieces (gained 6).
k - 3 scrolls labelled JUSAGEK NUE (gained 2)
Items here: )) [[.
D - a +5 hand axe
D - a +5 hand axe (weapon)
Okay, then.
Found a mace.
E - a scroll labelled LOMMAPITEN
Found a robe.
Prince Ribbit comes into view.
Prince Ribbit croaks.
Prince Ribbit croaks regally.
An adder comes into view.
The adder hisses angrily.
Prince Ribbit catches a mosquito with his tongue.
You closely miss Prince Ribbit. You headbutt Prince Ribbit!
Prince Ribbit is moderately wounded.
Prince Ribbit hits you!
* * * LOW HITPOINT WARNING * * *
You barely miss Prince Ribbit.
Prince Ribbit is moderately wounded.
Prince Ribbit closely misses you. Prince Ribbit hits you.
* * * LOW HITPOINT WARNING * * *
You closely miss Prince Ribbit.
Prince Ribbit is moderately wounded.
You miss the adder.
You hear the rapid hiss of a distant avalanche of sand.
The adder bites you but does no damage.
Prince Ribbit blinks!
The adder bites you but does no damage.
You slash the adder! Your headbutt misses the adder.
The adder is severely wounded.
You block the adder's attack.
You completely miss the adder. You headbutt the adder.
You kill the adder!
You slash Prince Ribbit!
Prince Ribbit is heavily wounded.
Prince Ribbit croaks regally.
Prince Ribbit hits you!
You die...

#.....## ##...... .
.... #......###.# ...#
#.#........ ..#
#........#####.#
####..#.#.#.......##
...#......#..[.....###
..........#.....F†...+
...#............@.#
.≈..#...###)......#
≈≈..#.............#
....#.#####.......#
≈≈....# #########
.≈..#.# ...##.# ..## .
###


You could see Prince Ribbit.

Vanquished Creatures
  Edmund (D:4)
  An ice beast (D:6)
  A black bear (D:4)
  2 ogres
  Blork the orc (D:4)
  A bullfrog (D:6)
  A scorpion (D:5)
  3 wights (D:6)
  2 howler monkeys
  2 jellies (D:4)
  3 hounds
  An orc priest (D:6)
  4 iguanas
  3 orc wizards
  A hell rat (Sewer)
  6 gnolls
  14 adders
  2 river rats (Sewer)
  An ufetubus (D:6)
  3 worms
  2 dart slugs
  16 orcs
  4 ball pythons
  4 bats
  6 endoplasms
  2 giant cockroaches
  6 goblins
  8 hobgoblins
  14 jackals
  8 kobolds
  5 quokkas
  2 frilled lizards (D:1)
  7 rats
137 creatures vanquished.

Notes
Turn   | Place    | Note
-------+----------+-------------------------------------------
     0 | D:1      | EarthwalkerPL the Minotaur Fighter began the quest for the
                  | Orb.
     0 | D:1      | Reached XP level 1. HP: 19/19 MP: 0/0
   292 | D:1      | Reached XP level 2. HP: 23/27 MP: 1/1
   410 | D:1      | Reached XP level 3. HP: 15/33 MP: 2/2
  1247 | D:2      | Found Cedumneu's Jewellery Shop.
  1251 | D:2      | Found a stormy altar of Qazlal.
  1589 | D:2      | Reached XP level 4. HP: 37/41 MP: 3/3
  1716 | D:2      | Found a faded altar of an unknown god.
  1991 | D:3      | Reached XP level 5. HP: 36/47 MP: 4/4
  1993 | D:3      | Noticed an ogre
  1998 | D:3      | Killed an ogre
  1999 | D:3      | Reached skill level 5 in Fighting
  1999 | D:3      | Reached skill level 5 in Armour
  2049 | D:3      | Found a glowing drain.
  2192 | Sewer    | Entered a sewer
  2298 | Sewer    | Reached XP level 6. HP: 53/56 MP: 5/5
  2959 | D:4      | Found a shimmering blue altar of Sif Muna.
  3254 | D:4      | Noticed Blork the orc
  3279 | D:4      | Killed Blork the orc
  3280 | D:4      | Reached skill level 5 in Axes
  3280 | D:4      | Reached skill level 5 in Shields
  3529 | D:4      | Reached XP level 7. HP: 54/63 MP: 6/6
  3844 | D:4      | Noticed Edmund
  3858 | D:4      | Killed Edmund
  4329 | D:4      | Found a basalt altar of Yredelemnul.
  4329 | D:4      | Found a faded altar of an unknown god.
  4337 | D:4      | Found a faded altar of an unknown god.
  4339 | D:4      | Found a burning altar of Makhleb.
  4341 | D:4      | Found a snail-covered altar of Cheibriados.
  4412 | D:5      | Entered Level 5 of the Dungeon
  4747 | D:5      | Reached XP level 8. HP: 66/73 MP: 7/7
  5430 | D:6      | Found an ornate altar of the Wu Jian Council.
  5875 | D:6      | Found a broken altar of Ashenzari.
  5935 | D:6      | Noticed Prince Ribbit
  5945 | D:6      | Slain by Prince Ribbit

Illustrated notes

Levels and vault maps discovered:
D:1:      amcnicky_arrival_double_pillar, layout_basic
D:2:      layout_basic, serial_shops, nicolae_shop_behind_doors,
          chequers_ecumenical_altar_simple_redux, basic_altar,
          chequers_serial_rivers_small_3
D:3:      layout_basic, portal_sewer_entry_d, minmay_unequal
D:4:      layout_basic, chequers_temple_overflow_minitemple,
          lemuel_crystal_altar, uniq_blork_the_orc, uniq_edmund
D:5:      layout_gridville, nicolae_kite_square_tiling_tiny
D:6:      layout_loops_cross, ashenzari_altar_1,
          mainiacjoe_overflow_small_starburst, enter_ossuary_4,
          grunt_ministairs_6, kennysheep_generic_room_11, uniq_prince_ribbit1

Skill      XL: |  1  2  3  4  5  6  7  8 |
---------------+-------------------------+-----
Fighting       | 4 5 6 7 |  7.8
Armour         | 4 5 7 |  7.8
Axes           | 3 4 5 6 7 |  7.2
Shields        | 4 5 6 |  6.5

Action                   |  1- 3 |  4- 6 |  7- 9 || total
-------------------------+-------+-------+-------++-------
Melee: War axe           |    94 |   122 |   116 ||   332
       Headbutt          |    11 |    16 |    25 ||    52
       Hand axe          |       |       |     6 ||     6
Throw: Dart              |       |     7 |       ||     7
Armor: Scale mail        |    40 |    47 |    44 ||   131
Dodge: Dodged            |    49 |    52 |    47 ||   148
Block: Buckler           |    18 |    23 |    19 ||    60
       Kite shield       |       |       |    25 ||    25
